 Dungeon Crawl Stone Soup version 0.29.1-15-g9cfb28693d (webtiles) character file.

Game seed: 7949631193727930349

75 Eitelfritz the Trooper (level 4, -4/40 HPs)
             Began as a Hill Orc Fighter on Mar 19, 2023.
             Killed by divine providence
             ... invoked by an orc priest
              (14 damage)
             ... on level 3 of the Dungeon.
             The game lasted 00:03:32 (1666 turns).

Eitelfritz the Trooper (Hill Orc Fighter)           Turns: 1666, Time: 00:03:33

Health: -4/40      AC:  9    Str: 20    XL:     4   Next: 31%
Magic:  4/4        EV:  9    Int:  8    God:
Gold:   100        SH:  4    Dex: 10    Spells: 3/3 levels left

rFire   + . .      SeeInvis .   a - +0 war axe
rCold   . . .      Faith    .   c - +0 buckler
rNeg    . . .      Spirit   .   v - +2 scale mail {rF+}
rPois   .          Reflect  .   (no helmet)
rElec   .          Harm     .   (no cloak)
rCorr   .          Rampage  .   (no gloves)
Will    .....                   (no boots)
Stlth   ..........              (no amulet)
HPRegen 0.13/turn               (no ring)
MPRegen 0.09/turn               (no ring)

@: no status effects
A: no striking features
a: Convert to Beogh


You were on level 3 of the Dungeon.
You visited 1 branch of the dungeon, and saw 3 of its levels.

You collected 100 gold pieces.

Inventory:

Hand Weapons
 a - a +0 war axe (weapon)
 b - a +0 sling
Missiles
 f - 5 poisoned darts (quivered)
Armour
 c - a +0 buckler (worn)
 v - a +2 scale mail of fire resistance (worn)
Scrolls
 e - a scroll of enchant armour {unknown}
 h - a scroll of fear {unknown}
 i - a scroll of noise {unknown}
 j - a scroll of teleportation {unknown}
 l - a scroll of identify {unknown}
 n - a scroll of vulnerability {unknown}
 o - a scroll of enchant weapon {unknown}
 r - a scroll of amnesia {unknown}
Potions
 d - a potion of might
 g - 3 potions of curing {unknown}
 m - a potion of invisibility {unknown}
 p - 2 potions of heal wounds {unknown}
 q - a potion of lignification {unknown}
 s - a potion of magic {unknown}
 t - a potion of brilliance {unknown}
 u - a potion of berserk rage {unknown}


   Skills:
 + Level 4.3 Fighting
 + Level 3.7 Axes
 + Level 4.1 Armour
 + Level 0.3 Dodging
 + Level 3.7 Shields


You had 3 spell levels left.
You didn't know any spells.
Your spell library contained the following spells:

 Spells                   Type           Power      Damage    Failure   Level
 Apportation              Tloc           0%         N/A       85%         1
 Necrotise                Necr           0%         1d4       85%         1
 Frozen Ramparts          Ice            0%         1d1       99%         3
 Vampiric Draining        Necr           0%         2d6       99%         3
 Ice Form                 Ice/Tmut       0%         N/A       100%        4
 Summon Ice Beast         Ice/Summ       0%         N/A       100%        4
 Agony                    Necr           0%         N/A       100%        5
 Alistair's Intoxication  Tmut/Pois      0%         N/A       100%        5


Dungeon Overview and Level Annotations

Branches:
Dungeon (3/15)

Altars:


Message History

The orc priest shouts!
You hear a shout! x2
The orc priest hits you but does no damage.
The orc priest barely misses you.
You hit the orc priest but do no damage.
The orc priest hits you but does no damage.
You block the orc priest's attack.
You closely miss the orc priest. You block the orc priest's attack.
The orc priest hits you but does no damage.
You hit the orc priest.
The orc priest shouts, "Join the one true god or die!"
The orc priest is moderately wounded.
The orc priest calls down the wrath of Beogh upon you.
Pain shoots through your body!
The orc priest hits you but does no damage.
You barely miss the orc priest.
The orc priest is moderately wounded.
The orc priest shouts, "Join the one true god or die!"
The orc priest shouts, "Beogh is our master!
Accept the truth or die!"
You block the orc priest's attack. The orc priest completely misses you.
You hit the orc priest.
The orc priest is heavily wounded.
The orc priest invokes the aid of Beogh against you.
Beogh smites you!
You closely miss the orc priest.
The orc priest is heavily wounded.
The orc priest barely misses you.
The orc priest hits you with a +1 dagger of speed.
The orc priest shouts, "Beogh is our master!
Accept the truth or die!"
You hit the orc priest but do no damage.
The orc priest is heavily wounded.
The orc priest mumbles some strange prayers to Beogh against you.
Beogh smites you!
* * * LOW HITPOINT WARNING * * *
The orc priest hits you but does no damage.
You hit the orc priest.
The orc priest is heavily wounded.
You block the orc priest's attack.
The orc priest mumbles some strange prayers to Beogh against you.
Beogh smites you!
You die...

........ #.. ........
#.. ######## . #.#
...... .. #.# #...[. ...
... ...... .... #o#
#########.#### ..... #o#
#.......#.# ......#@#
#.......#.#
........###.......#.####
#####.#...#.......#'##..
#.#.#.#............. #
#.#...##..........
#.###.##.......... #..
..............
#######...........
.............


You could see an orc priest and an orc.

Vanquished Creatures
  3 adders
  A dart slug (D:1)
  6 ball pythons
  3 endoplasms (D:2)
  2 giant cockroaches
  5 goblins
  5 hobgoblins
  A quokka (D:2)
  5 bats
  7 frilled lizards
  3 kobolds
  4 rats
45 creatures vanquished.

Notes
Turn   | Place    | Note
-------+----------+-------------------------------------------
     0 | D:1      | Eitelfritz the Hill Orc Fighter began the quest for the
                  | Orb.
     0 | D:1      | Reached XP level 1. HP: 19/19 MP: 1/1
   222 | D:1      | Found a faded altar of an unknown god.
   226 | D:1      | Reached XP level 2. HP: 27/27 MP: 2/2
   815 | D:2      | Reached XP level 3. HP: 33/33 MP: 3/3
  1415 | D:2      | Reached XP level 4. HP: 34/40 MP: 4/4
  1666 | D:3      | Killed from afar by an orc priest

Illustrated notes

Levels and vault maps discovered:
D:1:      lightli_arrival_lavapool, layout_loops_cross,
          hellmonk_ecumenical_altar_pennies_from_heaven
D:2:      kennysheep_big_flooded_room, layout_basic, minivault_4
D:3:      layout_basic, grunt_gozag_statues, grunt_decor_one_mirror

Skill      XL: |  1  2  3 |
---------------+----------+-----
Axes           | 3 |  3.7
Armour         | 4 |  4.1
Fighting       | 4 |  4.3
Dodging        | |  0.3
Shields        | |  3.7

Action                   |  1- 3 |  4- 6 || total
-------------------------+-------+-------++-------
Melee: War axe           |    93 |    22 ||   115
Armor: Scale mail        |    57 |    12 ||    69
Dodge: Dodged            |    46 |     8 ||    54
Block: Buckler           |    28 |     6 ||    34
